Map: New Repugnancy LE

Players

BigPimpin - Winner!

  • Race: Terran Terran
  • League: Diamond
  • Spawn Location: 7:00

Big

  • Race: Protoss Protoss
  • League: Platinum
  • Spawn Location: 1:00

VOD

Have the link to the VOD?

Description

Time

  • Played on: July 22, 2019, 1:39 p.m.
  • Length: 7:28
Show
View Real Time Build Order
Export as new Build Order

BigPimpin Terran - Winner!

Build Orders:  

Get SALT Encoding   

  12  0:00  SCV  
  13  0:13  SCV  
  14  0:17  Supply Depot  
  14  0:25  SCV  
  15  0:31  Refinery  
  15  0:39  SCV  
  16  0:44  Barracks  
  16  0:51  SCV  
  17  1:03  SCV  
  18  1:07  Barracks  
  18  1:15  SCV  
  19  1:25  Barracks  
  19  1:29  SCV  
  20  1:47  Orbital Command  
  20  1:49  Barracks Tech Lab  
  20  1:59  Supply Depot  
  20  2:06  Refinery  
  20  2:07  Barracks Reactor  
  20  2:12  SCV  
  21  2:24  SCV, Marauder  
  24  2:30  Barracks Tech Lab  
  24  2:38  SCV  
  24  2:43  Stimpack  
  25  2:46  Marine x2  
  25  2:50  SCV  
  25  2:51  Supply Depot  
  28  2:55  Marauder  
  30  3:11  Marauder  
  31  3:16  Reaper, Marine x2  
  31  3:18  Supply Depot  
  34  3:30  Combat Shield  
  35  3:34  Marauder, Marine x2  
  38  3:45  Ghost Academy  
  39  3:48  SCV  
  39  3:52  Supply Depot  
  39  4:09  Marine  
  39  4:10  Marauder, Marine  
  39  4:11  Marauder  
  44  4:33  Marine x2  
  44  4:34  SCV, Marauder x2  
  44  4:38  Supply Depot  
  51  4:49  Concussive Shells  
  51  4:55  Ghost x2  
  55  5:05  Marine x2  
  58  5:31  Marine x2  
  58  5:32  Marauder  
  62  5:36  Marauder  
  62  5:38  Command Center  
  61  6:05  Marine x2  
  63  6:13  Marauder  
  63  6:14  Marine  
  61  6:22  Marine  
  61  6:23  Marine  
  61  6:24  Supply Depot  
  61  6:32  Marauder  
  59  7:04  Marine x2  
  59  7:05  Marauder x2  
  63  7:08  Factory  
Show
View Real Time Build Order
Export as new Build Order

Big Protoss 

Build Orders:  

Get SALT Encoding   

  12  0:00  Probe  
  13  0:13  Probe  
  14  0:21  Pylon  
  14  0:25  Probe  
  15  0:36  Probe  
  15  0:41  Gateway  
  16  0:45  Probe  
  17  0:51  Assimilator  
  17  0:53  Probe  
  18  1:05  Probe  
  19  1:17  Probe  
  20  1:20  Gateway  
  20  1:26  Pylon  
  20  1:29  Probe  
  21  1:41  Probe  
  21  1:45  Cybernetics Core  
  22  1:53  Probe  
  23  1:57  Assimilator  
  23  2:05  Probe  
  24  2:12  Adept x2  
  28  2:24  Warp Gate  
  27  2:39  Nexus  
  27  2:50  Stalker x2  
  31  3:01  Pylon  
  31  3:19  Probe  
  32  3:31  Probe  
  32  3:34  Stalker x2  
  34  3:39  Probe  
  37  3:44  Robotics Facility  
  38  3:49  Probe  
  39  4:01  Probe  
  40  4:18  Probe  
  40  4:22  Probe  
  42  4:25  Stalker x2  
  42  4:26  Probe  
  47  4:31  Pylon  
  47  4:33  Pylon  
  47  4:34  Probe  
  48  4:44  Immortal  
  52  5:00  Probe  
  52  5:03  Gateway  
  52  5:04  Probe  
  52  5:05  Gateway  
  52  5:06  Gateway  
  54  5:11  Gateway  
  54  5:13  Warp Prism  
  56  5:30  Stalker  
  58  5:36  Twilight Council, Probe  
  58  5:38  Probe  
  60  5:43  Assimilator  
  60  5:48  Probe  
  53  5:59  Stalker x3  
  53  6:03  Shield Battery  
  34  6:36  Stalker x5  
  34  6:37  Stalker  
  14  7:06  Zealot x5  
Tags
 
Add a new tag
Caveats
  • Supply blocks, unpowered buildings, or Contaminate may cause inaccurate times.
  • Supply counts are checked every 10 seconds.